 Dungeon Crawl Stone Soup version 0.28.0-62-gf88900778d (webtiles) character file.

Game seed: 6941933057016722460

4 Mickster the Gusty (level 1, -1/16 HPs)
             Began as an Ogre Air Elementalist on May 1, 2023.
             Slain by a hobgoblin (3 damage)
             ... on level 1 of the Dungeon.
             The game lasted 00:03:40 (587 turns).

Mickster the Gusty (Ogre Air Elementalist)           Turns: 587, Time: 00:03:41

Health: -1/16      AC:  3    Str: 11    XL:     1   Next: 60%
Magic:  3/3        EV:  9    Int: 16    God:
Gold:   1000       SH:  0    Dex:  9    Spells: 3/4 levels left

rFire   . . .      SeeInvis .   (no weapon)
rCold   . . .      Faith    .   (no shield)
rNeg    . . .      Spirit   .   a - +0 robe
rPois   .          Reflect  .   (helmet restricted)
rElec   .          Harm     .   (no cloak)
rCorr   .          Rampage  .   (gloves unavailable)
Will    .....                   (boots unavailable)
Stlth   +.........              (no amulet)
HPRegen 0.05/turn               (no ring)
MPRegen 0.08/turn               (no ring)

@: no status effects
A: large, unfitting armour, tough skin 1
a: no special abilities


You were on level 1 of the Dungeon.
You visited 1 branch of the dungeon, and saw 1 of its levels.

You collected 1000 gold pieces.

Inventory:

Missiles
 b - 16 arrows
Armour
 a - a +0 robe (worn)


   Skills:
 + Level 1.7 Dodging
 + Level 1.4 Stealth
 + Level 2.4 Spellcasting
 + Level 0.8 Conjurations
 + Level 3.0 Air Magic


You had 3 spell levels left.
You knew the following spells:

 Your Spells              Type           Power      Damage    Failure   Level
a - Shock                 Conj/Air       32%        1d5       9%          1

Your spell library contained the following spells:

 Spells                   Type           Power      Damage    Failure   Level
 Static Discharge         Conj/Air       8%         N/A       14%         2
 Swiftness                Air            11%        N/A       17%         3
 Airstrike                Air            5%         N/A       50%         4


Dungeon Overview and Level Annotations

Branches:
Dungeon (1/15)

Altars:


Innate Abilities, Weirdness & Mutations

You are too large for most types of armour.
You have tough skin. (AC +1)


Message History

You kill the hobgoblin!
Your Air Magic skill increases to level 3!
Things that are here:
a hobgoblin corpse; a giant cockroach corpse You start resting.
Magic restored.
You start resting.
HP restored.
You start waiting.
Done waiting.
Found a stone staircase leading down.
You open the door.
A ball python comes into view.
Found a mace.
There is an open door here.
A goblin comes into view. It is wielding a +0 club.
The goblin shouts!
The ball python barely misses you.
The ball python bites you but does no damage.
The ball python bites you.
Found a cyan potion.
The ball python bites you.
You hit the goblin.
The goblin is heavily wounded.
The ball python bites you but does no damage.
A hobgoblin comes into view.
The goblin hits you with a +0 club.
The hobgoblin shouts!
You hit the goblin.
The goblin is severely wounded.
The ball python barely misses you. The ball python bites you.
The goblin hits you but does no damage.
Found a spear.
Found an escape hatch in the floor.
The goblin barely misses you. The ball python barely misses you.
The goblin hits you with a +0 club. The goblin hits you with a +0 club.
* * * LOW HITPOINT WARNING * * *
You hit the hobgoblin.
The hobgoblin is heavily wounded.
The ball python barely misses you. The hobgoblin hits you.
You die...

############
#..........#
#.....@S...#####
#.....gg...#...########
+.....)....'.........>#
#!.........#..........#
#.....#+#######....#....
#+#..> # #........#..
...). ..#...........
..... ..............
..#...........


You could see a hobgoblin, a goblin and a ball python.

Vanquished Creatures
  A giant cockroach (D:1)
  2 hobgoblins (D:1)
3 creatures vanquished.

Notes
Turn   | Place    | Note
-------+----------+-------------------------------------------
     0 | D:1      | Mickster the Ogre Air Elementalist began the quest for the
                  | Orb.
     0 | D:1      | Reached XP level 1. HP: 16/16 MP: 3/3
    22 | D:1      | Identified a scroll of acquirement
    22 | D:1      | Acquired 1000 gold pieces
   221 | D:1      | Reached skill level 3 in Air Magic
   587 | D:1      | Slain by a hobgoblin

Illustrated notes

Levels and vault maps discovered:
D:1:      evilmike_arrival_home_sweet_home, layout_basic,
          chequers_ecumenical_altar_island, minmay_large_rounded_square,
          minmay_hexomino_c4

Skill      XL: |  1 |
---------------+----+-----
Air Magic      | 3 |  3.0
Dodging        | |  1.7
Stealth        | |  1.4
Spellcasting   | |  2.4
Conjurations   | |  0.8

Action                   || total
-------------------------++-------
Melee: Unarmed           ||    37
       Punch             ||     1
 Cast: Shock             ||     5
  Use: Scroll            ||     1
Armor: Robe              ||    20
Dodge: Dodged            ||    27
